 Dungeon Crawl Stone Soup version 0.30-b1-2-g02819fbbbe (webtiles) character file.

Game seed: 18079338733534334318

19453856 manyhoops the Middleweight Champion (level 27, 224/224 HPs)
             Began as an Octopode Transmuter on Nov 2, 2023.
             Was an Initiate of Gozag.
             Escaped with the Orb
             ... and 15 runes on Nov 3, 2023!
             The game lasted 04:48:20 (78489 turns).

manyhoops the Middleweight Champion (OpTm)         Turns: 78489, Time: 04:48:20

Health: 224/224    AC: 24    Str: 24    XL:     27
Magic:  66/72      EV: 46    Int: 29    God:    Gozag
Gold:   8773       SH:  0    Dex: 20    Spells: 7/63 levels left

rFire   + + +        c - melded staff of air "Plog" {Drain rElec rPois Int+5}
rCold   + + .        w - melded +0 buckler {reflect}
rNeg    + + +        (helmet currently unavailable)
rPois   ∞            z - macabre finger necklace {Finger+ rN+}
rElec   +            O - ring of Xom's Malicious Joy {rPois rC+ rN+ MP+9 EV+5}
rCorr   +            Z - ring of Zibuho Xinem {rPois rN+ Int+6}
SInv    +            e - ring "Jely" {rElec rF+ rC+ Int+2 Slay+4}
Will    +++++        K - ring of the Mage {Wiz Archmagi}
Stlth   ++++         Y - ring "Kosuutt" {rF- Will+ Int+5 SInv Stlth+}
HPRegen 0.57/turn    M - ring of Dynnimut {+Blink rF+ rCorr Int+2 SInv}
MPRegen 0.43/turn    Q - ring "Suuxko" {rElec rF++ Will+ MP+9 Dex+2}
                     v - ring of Limmuzis {rC+ rN+ MP+9 Stlth+}
                     A - ring "Noijisy" {+Blink rC- Str+6 Dex+3 Slay+5}

%: random rage (3%), wizardry (x1), archmagi
@: storm-form, flying, studying 2 skills
A: cleaving, insubstantial, flying, almost no armour, amphibious, 8 rings,
(camouflage 1), (gelatinous body 1), (nimble swimmer 1), (tentacles), berserk 1,
dopey 1, strong-willed 1, weak 1, subdued magic 1, MP-powered wands, noise
suppression
0: Orb of Zot
}: 15/15 runes: decaying, serpentine, slimy, silver, golden, iron, obsidian,
icy, bone, abyssal, demonic, glowing, magical, fiery, dark
a: Blinkbolt, End Transformation, Renounce Religion, Evoke Blink, Potion
Petition, Call Merchant, Bribe Branch


You escaped.
You worshipped Gozag.
Gozag was greatly pleased with you.
You were a lightning-filled tempest!
You visited 18 branches of the dungeon, and saw 88 of its levels.
You visited Pandemonium 1 time, and saw 24 of its levels.
You visited the Abyss 2 times.
You visited 2 bazaars.
You also visited: Trove, Bailey and Gauntlet.

You collected 42851 gold pieces.
You spent 11368 gold pieces at shops.
You paid 22710 gold pieces to Gozag.

Inventory:

Missiles
 s - 5 throwing nets
Armour
 q - a +2 hat of intelligence
 w - a +0 buckler of reflection (melded)
Magical Staves
 c - the staff of air "Plog" (melded) {Drain rElec rPois Int+5}
   (You acquired it on level 2 of the Vaults)

   [staff of air]

   Base accuracy: +5 Base damage: 5 Base attack delay: 1.2 This weapon's minimum
   attack delay (0.6) is reached at skill level 12.
   Int:       It affects your intelligence (+5).
   rElec:     It insulates you from electricity.
   rPois:     It protects you from poison.
   Drain:     It drains your maximum health when unequipped.
   It falls into the 'Staves' category.
   It is a one-tentacled weapon.
Jewellery
 e - the ring "Jely" (on tentacle) {rElec rF+ rC+ Int+2 Slay+4}
   (You found it on level 3 of the Elven Halls)

   [ring of slaying]

   Int:       It affects your intelligence (+2).
   Slay:      It affects your accuracy & damage with ranged weapons and melee
   (+4).
   rF:        It protects you from fire.
   rC:        It protects you from cold.
   rElec:     It insulates you from electricity.
 n - a +5 ring of evasion
 v - the ring of Limmuzis (on tentacle) {rC+ rN+ MP+9 Stlth+}
   (You found it on level 4 of the Vaults)

   [ring of magical power]

   rC:        It protects you from cold.
   rN:        It protects you from negative energy.
   MP:        It affects your magic capacity (+9).
   Stlth:     It makes you more stealthy.
 z - the macabre finger necklace (around neck) {Finger+ rN+}
   (You found it on level 3 of the Elven Halls)

   [amulet of nothing]

   Finger+:   It enables you to equip an extra ring.
   rN:        It protects you from negative energy.
 A - the ring "Noijisy" (on amulet) {+Blink rC- Str+6 Dex+3 Slay+5}
   (You found it on level 2 of the Depths)

   [ring of strength]

   Str:       It affects your strength (+6).
   Dex:       It affects your dexterity (+3).
   Slay:      It affects your accuracy & damage with ranged weapons and melee
   (+5).
   rC:        It makes you vulnerable to cold.
   +Blink:    It lets you blink.
 B - the ring of Vaonemmu {rElec rF+ Will+}
   (You found it on level 3 of the Elven Halls)

   [ring of willpower]

   rF:        It protects you from fire.
   rElec:     It insulates you from electricity.
   Will:      It increases your willpower.
 K - the ring of the Mage (on tentacle) {Wiz Archmagi}
   (You found it in a treasure trove)

   [ring of wizardry]

   It improves your spell success rate.
   Archmagi:  It increases the power of your magical spells.
 M - the ring of Dynnimut (on tentacle) {+Blink rF+ rCorr Int+2 SInv}
   (You bought it in a shop on level 1 of the Elven Halls)

   [ring of protection from fire]

   Int:       It affects your intelligence (+2).
   rF:        It protects you from fire.
   SInv:      It lets you see invisible.
   +Blink:    It lets you blink.
   rCorr:     It protects you from acid and corrosion.
 O - the ring of Xom's Malicious Joy (left tentacle) {rPois rC+ rN+ MP+9 EV+5}
   (You bought it in a shop on level 1 of the Elven Halls)

   [ring of evasion]

   EV:        It affects your evasion (+5).
   rC:        It protects you from cold.
   rPois:     It protects you from poison.
   rN:        It protects you from negative energy.
   MP:        It affects your magic capacity (+9).
 Q - the ring "Suuxko" (on tentacle) {rElec rF++ Will+ MP+9 Dex+2}
   (You found it on level 5 of the Vaults)

   [ring of willpower]

   Dex:       It affects your dexterity (+2).
   rF:        It greatly protects you from fire.
   rElec:     It insulates you from electricity.
   MP:        It affects your magic capacity (+9).
   Will:      It increases your willpower.
 R - an amulet of regeneration
 S - a +6 ring of dexterity
 T - the amulet "Suegaick" {Reflect *Corrode +Blink rC+++ Str+3 Int+4 SH+5}
   (You found it in Pandemonium)

   [amulet of reflection]

   It reflects blocked missile attacks.
   Str:       It affects your strength (+3).
   Int:       It affects your intelligence (+4).
   rC:        It renders you almost immune to cold.
   +Blink:    It lets you blink.
   *Corrode:  It may corrode you when you take damage.
   SH:        It affects your SH (+5).
 Y - the ring "Kosuutt" (on tentacle) {rF- Will+ Int+5 SInv Stlth+}
   (You took it off a minotaur in a Gauntlet)

   [ring of willpower]

   Int:       It affects your intelligence (+5).
   rF:        It makes you vulnerable to fire.
   SInv:      It lets you see invisible.
   Will:      It increases your willpower.
   Stlth:     It makes you more stealthy.
 Z - the ring of Zibuho Xinem (right tentacle) {rPois rN+ Int+6}
   (You found it on level 3 of the Crypt)

   [ring of positive energy]

   Int:       It affects your intelligence (+6).
   rPois:     It protects you from poison.
   rN:        It protects you from negative energy.
Wands
 m - a wand of roots (86)
 r - a wand of flame (216)
 J - a wand of acid (55)
 P - a wand of mindburst (60)
 X - a wand of digging (52)
Scrolls
 a - 13 scrolls of fear
 d - a scroll of butterflies
 g - 12 scrolls of fog
 h - 7 scrolls of amnesia
 i - 28 scrolls of teleportation
 j - 2 scrolls of torment
 o - 55 scrolls of identify
 p - 10 scrolls of poison
 t - 6 scrolls of vulnerability
 y - 2 scrolls of immolation
 G - 3 scrolls of silence
 H - 8 scrolls of blinking
Potions
 b - 41 potions of curing
 f - 9 potions of mutation
 k - 17 potions of attraction
 l - 4 potions of might
 u - a potion of resistance
 C - 9 potions of brilliance
 D - 6 potions of cancellation
 E - 8 potions of invisibility
 F - 2 potions of haste
 I - a potion of ambrosia
 L - 9 potions of magic
 N - 12 potions of flight
 U - 2 potions of berserk rage
 V - 7 potions of lignification
 W - 6 potions of heal wounds


   Skills:
 O Level 27 Fighting
 + Level 20.7 Dodging
 - Level 26.2 Stealth
 O Level 27 Unarmed Combat
 - Level 18.5 Spellcasting
 - Level 7.6 Necromancy
 - Level 13.7 Translocations
 + Level 24.7 Transmutations
 - Level 8.7 Ice Magic
 + Level 23.4 Air Magic
 - Level 3.9 Earth Magic


You had 7 spell levels left.
You knew the following spells:

 Your Spells              Type           Power      Damage    Failure   Level
a - Beastly Appendage     Tmut           100%       N/A       0%          1
b - Wereblood             Tmut           100%       N/A       0%          2
c - Storm Form            Tmut/Air       56%        N/A       1%          7
d - Swiftness             Air            100%       N/A       0%          3
e - Manifold Assault      Tloc           89%        N/A       1%          4
f - Passwall              Tmut/Erth      75%        N/A       0%          2
g - Blink                 Tloc           100%       N/A       0%          2
h - Freezing Cloud        Conj/Ice/Air   40%        6-21      1%          5
i - Vhi's Electric Charg  Tloc/Air       100%       N/A       0%          3
j - Passage of Golubria   Tloc           89%        N/A       1%          4
k - Conjure Ball Lightni  Conj/Air       41%        3x3d13    1%          6
l - Necromutation         Tmut/Necr      48%        N/A       4%          8
m - Frozen Ramparts       Ice            100%       1d16      1%          3
n - Dispersal             Tloc           44%        N/A       1%          6

Your spell library contained the following spells:

 Spells                   Type           Power      Damage    Failure   Level
 Shock                    Conj/Air       100%       1d9       0%          1
 Sting                    Tmut/Pois      100%       1d8       0%          1
 Cigotuvi's Dreadful Rot  Necr/Pois/Air  100%       N/A       0%          2
 Poisonous Vapours        Pois/Air       100%       N/A       0%          2
 Spider Form              Tmut/Pois      85%        N/A       0%          3
 Airstrike                Air            56%        2d(8-24)  0%          4
 Ice Form                 Ice/Tmut       97%        N/A       0%          4
 Blade Hands              Tmut           57%        N/A       0%          5
 Foxfire                  Conj/Fire      100%       2x1d9     1%          1
 Magic Dart               Conj           100%       1d8       1%          1
 Slow                     Hex            100%       N/A       1%          1
 Call Imp                 Summ           62%        N/A       1%          2
 Momentum Strike          Conj/Tloc      100%       3d10      1%          2
 Scorch                   Fire           62%        2d7       1%          2
 Searing Ray              Conj           62%        2d6       1%          2
 Sublimation of Blood     Necr           69%        N/A       1%          2
 Call Canine Familiar     Summ           31%        N/A       1%          3
 Confusing Touch          Hex            31%        N/A       1%          3
 Hailstorm                Conj/Ice       57%        3d12      1%          3
 Ignite Poison            Fire/Tmut/Pois 72%        N/A       1%          3
 Inner Flame              Hex/Fire       31%        N/A       1%          3
 Mephitic Cloud           Conj/Pois/Air  70%        N/A       1%          3
 Ozocubu's Armour         Ice            74%        N/A       1%          3
 Portal Projectile        Hex/Tloc       100%       N/A       1%          3
 Stone Arrow              Conj/Erth      88%        3d12      1%          3
 Summon Guardian Golem    Hex/Summ       31%        N/A       1%          3
 Tukima's Dance           Hex            31%        N/A       1%          3
 Vampiric Draining        Necr           69%        2d10      1%          3
 Anguish                  Hex/Necr       27%        N/A       1%          4
 Dispel Undead            Necr           69%        3d23      1%          4
 Iskenderun's Mystic Bla  Conj/Tloc      67%        2d14      1%          4
 Summon Ice Beast         Ice/Summ       57%        N/A       1%          4
 Summon Lightning Spire   Summ/Air       83%        N/A       1%          4
 Agony                    Necr           69%        N/A       1%          5
 Alistair's Intoxication  Tmut/Pois      56%        N/A       1%          5
 Arcjolt                  Conj/Air       41%        1d51      1%          5
 Borgnjor's Vile Clutch   Necr/Erth      31%        N/A       1%          5
 Silence                  Hex/Air        41%        N/A       1%          5
 Summon Forest            Summ/Tloc      33%        N/A       1%          5
 Yara's Violent Unravell  Hex/Tmut       42%        3d17      1%          5
 Eringya's Noxious Bog    Tmut/Pois      42%        N/A       1%          6
 Plasma Beam              Fire/Air       41%        2x1d60    1%          6
 Dragon Form              Tmut           57%        N/A       1%          7
 Metabolic Englaciation   Hex/Ice        28%        N/A       2%          5
 Death Channel            Necr           34%        N/A       3%          6
 Cause Fear               Hex            15%        N/A       5%          4
 Flame Wave               Conj/Fire      31%        2d9       5%          4
 Fulminant Prism          Conj/Hex       15%        3d11      5%          4
 Olgreb's Toxic Radiance  Pois           31%        N/A       5%          4
 Sticky Flame             Conj/Fire      31%        2d5       5%          4
 Ozocubu's Refrigeration  Ice            37%        4d15      13%         7
 Fireball                 Conj/Fire      15%        3d8       16%         5
 Starburst                Conj/Fire      15%        6d6       63%         6
 Summon Cactus Giant      Summ           15%        N/A       63%         6
 Enfeeble                 Hex            15%        N/A       99%         7
 Orb of Destruction       Conj           15%        9d7       99%         7
 Spellforged Servitor     Conj/Summ      15%        N/A       99%         7
 Summon Hydra             Summ           15%        N/A       99%         7
 Maxwell's Capacitive Co  Air            56%        ∞         1%          8
 Disjunction              Tloc           44%        N/A       12%         8
 Chain Lightning          Conj/Air       41%        3d55      99%         9
 Discord                  Hex            15%        N/A       100%        8
 Ignition                 Fire           15%        3d6       100%        8
 Lehudib's Crystal Spear  Conj/Erth      22%        10d6      100%        8
 Summon Horrible Things   Summ           15%        N/A       100%        8
 Dragon's Call            Summ           15%        N/A       100%        9
 Polar Vortex             Ice            37%        N/A       100%        9
 Animate Dead             Necr           Unusable   N/A       N/A         4
 Animate Armour           Summ/Erth      Unusable   N/A       N/A         4
 Simulacrum               Ice/Necr       Unusable   N/A       N/A         6

Dungeon Overview and Level Annotations

Branches:
Dungeon (15/15)            Temple (1/1) D:7            Lair (5/5) D:10
  Swamp (4/4) Lair:3        Snake (4/4) Lair:2        Slime (5/5) Lair:5
    Orc (2/2) D:11            Elf (3/3) Orc:2        Vaults (5/5) D:13
  Crypt (3/3) Vaults:2       Tomb (3/3) Crypt:3      Depths (4/4) D:15
   Hell (visited)             Dis (7/7) Hell            Geh (7/7) Hell
    Coc (7/7) Hell            Tar (7/7) Hell            Zot (5/5) Depths:4
 Bailey (visited)         Gauntlet (visited)

Altars:
Cheibriados
Gozag
Ru
Uskayaw
Xom
Jiyva

Shops:
D:5 !   D:6 *   D:7 *   D:9 (   D:11 (   D:13 ?   D:15 !   Orc:1 ((:*
Orc:2 !*:(?   Elf:1 :??=[?=!   Elf:3 *   Snake:1 *   Hell =*   Zot:1 *

Portals:
Hell: Depths:1 Depths:2 Depths:4
Abyss: Depths:1 Depths:2
Pandemonium: Depths:1 Depths:2
Ziggurat: Depths:1

Annotations:
Lair:1 1 runed translucent door, exclusion: oklob plant, manyhoops's ghost, journeyman OpTm
Lair:2 Nergalle
Vaults:4 2 transporters, exclusion: orange crystal statue, Dacon's ghost, adept MiGl; TPoD's ghost, adept HOMo
Crypt:3 3 runed translucent doors, Giohirit's ghost, veteran FoFi
Geh:2 9 runed translucent doors


Innate Abilities, Weirdness & Mutations

You are a lightning-filled tempest!
Your electrical attacks strike out in all directions at once.
You are incredibly evasive.
Your insubstantial body is immune to petrification, constriction, and being set on fire You are flying.
You are immune to poison.
Your armour is entirely melded.
You are incapable of wielding weapons or throwing items.
You cannot wear most types of armour.
You are amphibious.
You can wear up to eight rings at the same time.
((Your skin changes colour to match your surroundings (Stealth+).))
((Your rubbery body absorbs attacks. (AC +1, EV +1)))
((You are camouflaged when in or above water. (Stealth+)))
((You have tentacles for arms and can constrict up to eight enemies at once.))
You sometimes lose your temper in combat.
You are dopey. (Int -2)
You are strong-willed. (Will+)
You are weak. (Str -2)
Your spells are a little easier to cast, but a little less powerful.
You expend magic power (3 MP) to strengthen your wands.
You passively dampen the noise of your surroundings.


Message History

You feel energetic enough to blinkbolt again.
There is a stone staircase leading down here.
There is a stone staircase leading up here.
You fly upwards.
There is a stone staircase leading down here.
There is a stone staircase leading up here.
You fly upwards.
There is a stone staircase leading down here.
An Orb Guardian comes into view.
Casting: Blink (safe; 0% risk of failure)
Confirm with . or Enter, or press ? or * to list all spells.
Charge where?
Press: ? - help, Dir - move target, f - Orb Guardian
Aim: an Orb Guardian (92% to hit)
You feel a surge of power!
You charge forward with an electric crackle!
You batter the Orb Guardian and electrocute it!!
The Orb Guardian is moderately wounded.
The Orb Guardian hits you but does no damage.
You blast the Orb Guardian!!!
Lightning courses through the Orb Guardian!
You kill the Orb Guardian!
You now have 8773 gold pieces (gained 24).
Your extra speed is starting to run out.
You feel yourself slow down.
Magic restored.
Your transformation is almost over.
Your transformation has ended.
The staff of air "Plog" {Drain rElec rPois Int+5} unmelds from your body.
Your +0 buckler of reflection unmelds from your body.
There is an open door here.
There is a staircase leading out of the dungeon here.
Casting: Vhi's Electric Charge (safe; 0% risk of failure)
Confirm with . or Enter, or press ? or * to list all spells.
You feel a strong surge of power!
You turn into a lightning-filled tempest!
The staff of air "Plog" {Drain rElec rPois Int+5} melds into your body.
Your +0 buckler of reflection melds into your body.
There is a staircase leading out of the dungeon here.
You have escaped!

########
########......#
#.....##...##.#
#.....##.≈.##.#
#.....##.≈.##.#
#.....'..≈.##.#
#.....##.≈.##.#
#.....##...##.#
#..v..##...##.#
#.....##.8.##.######
########...#........
#############
##########
#......... #####
#.........
#...#####.........
#...).............


There were no monsters in sight!

Vanquished Creatures
  Cerebov (Pan)
  Antaeus (Coc:7)
  Asmodeus (Geh:7)
  Dissolution (Slime:3)
  the Royal Jelly (Slime:5)
  Ereshkigal (Tar:7)
  Gloorx Vloq (Pan)
  Lom Lobon (Pan)
  A seraph (Pan)
  Mnoleg (Pan)
  Dispater (Dis:7)
  9 dread liches
  the Serpent of Hell (Dis:7)
  3 orbs of fire
  7 ancient liches
  Mara (Vaults:3)
  3 juggernauts
  5 pandemonium lords
  25 royal mummies
  Boris (6 times) (Vaults:2 Vaults:3 Crypt:2 Crypt:3 Depths:2 Zot:1)
  6 Killer Klowns (Zot:5)
  7 shard shrikes (Coc:7)
  A curse toe (Zot:5)
  Xtahua (Crypt:1)
  25 caustic shrikes
  Geryon (Hell)
  8 golden dragons
  3 profane servitors
  7 bone dragons
  A pearl dragon (Pan)
  11 doom hounds
  13 Tzitzimimeh
  2 hellephants
  3 electric golems
  2 spectral shard shrikes (Tar:4)
  8 Brimstone Fiends
  Zenata (Vaults:3)
  6 iron giants
  A walking crystal tome (Depths:3)
  13 tentacled monstrosities
  10 liches
  22 Ice Fiends
  26 Orb Guardians
  Asterion (Vaults:3)
  A shard shrike skeleton (Crypt:1)
  13 Hell Sentinels
  14 tainted leviathans
  A walking earthen tome (Depths:2)
  3 deep elf blademasters
  25 ancient champions
  9 acid blobs
  5 quicksilver dragons
  2 deep elf master archers (Elf:3)
  21 searing wretches
  A walking divine tome (Depths:3)
  Frances (Snake:1)
  A thorn hunter (Swamp:4)
  9 titans
  An eldritch tentacle (Pan)
  11 Executioners (Pan)
  7 death cobs
  8 shadow dragons
  6 tentacled starspawn
  Agnes (Snake:1)
  Kirke (Lair:3)
  13 sphinxes
  10 storm dragons
  6 tengu reavers
  6 azure jellies
  5 revenants
  11 nagarajas (Snake:4)
  7 demonspawn warmongers (Pan)
  Donald (Elf:1)
  20 fire giants
  4 draconian knights
  8 draconian monks
  7 quicksilver elementals
  10 daevas (Pan)
  7 rockslimes
  2 narguns
  5 draconian scorchers
  15 frost giants
  Louise (D:15)
  11 iron dragons
  A spectral juggernaut (Tar:4)
  Aizul (Vaults:2)
  2 deep elf sorcerers (Elf:3)
  2 ghost moths
  27 vault wardens
  5 draconian shifters
  3 spectral caustic shrikes
  36 balrugs
  A caustic shrike zombie (Tomb:2)
  7 ghouls
  7 curse skulls
  16 angels
  12 cacodemons
  2 shard shrike simulacra
  3 demonspawn blood saints (Pan)
  A spriggan defender (Depths:2)
  16 reapers
  An orc warlord (Vaults:4)
  5 draconian annihilators
  A broodmother (shapeshifter) (Depths:2)
  5 deep elf elementalists
  12 stone giants
  6 draconian stormcallers
  34 very ugly things
  12 quicksilver oozes
  16 ironbound preservers
  6 ironbound thunderhulks
  23 war gargoyles
  8 demonspawn corrupters (Pan)
  10 vampire knights
  A caustic shrike skeleton (Crypt:2)
  12 black draconians
  9 deep elf demonologists
  9 elemental wellsprings (Coc:7)
  A juggernaut skeleton (Tomb:3)
  10 apis (Pan)
  8 green draconians
  3 eleionomae
  10 demonspawn black suns (Pan)
  11 ophanim (Pan)
  10 putrid mouths
  8 lorocyprocas
  8 deep elf annihilators
  5 wendigos
  8 purple draconians
  7 red draconians
  4 spark wasps (Depths:3)
  3 bennus
  4 dire elephants
  A starflower (Abyss:4)
  12 yellow draconians
  7 bunyips
  A spectral titan (Tar:6)
  A halazid warlock (Hell)
  8 white draconians
  A minotaur (Gauntlet)
  3 starcursed masses
  Snorg (D:11)
  3 eidola
  10 green deaths
  A quicksilver dragon zombie (Crypt:3)
  9 ettins
  10 jiangshi
  11 deep elf death magi
  17 iron golems
  13 blizzard demons
  17 mummy priests
  12 yaktaur captains
  6 fire dragons
  14 great orbs of eyes
  Josephine (D:14)
  6 deep elf high priests
  34 vault guards
  2 entropy weavers
  An entropy weaver (shapeshifter) (D:15)
  A catoblepas (D:15)
  19 hydras
  9 ice dragons
  6 rakshasas
  7 hell beasts
  6 ironbound frosthearts
  20 salamander tyrants
  4 caustic shrike simulacra
  A juggernaut simulacrum (Coc:1)
  14 anacondas
  2 stokers
  2 ogre magi (Vaults:5)
  4 peacekeepers
  2 spriggan skeletons
  21 centaur warriors
  16 dancing weapons
  4 two-headed ogres
  4 death knights
  5 boulder beetles
  96 death scarabs
  18 naga warriors
  3 deep troll earth magi
  9 deep troll shamans
  15 hell hogs
  A titan zombie (Crypt:2)
  7 orc high priests
  11 tengu warriors
  6 alligators
  10 naga sharpshooters
  7 vampire magi
  A thrashing horror (Abyss:1)
  2 spectral dire elephants (Tar:4)
  2 spriggan berserkers
  4 shock serpents
  28 soul eaters
  44 sun demons
  20 deep elf knights
  22 hell knights
  7 crystal echidnas
  6 wretched stars
  2 titan skeletons
  10 iron trolls
  A fire crab (shapeshifter) (D:13)
  A death drake (Gauntlet)
  3 skysharks (Lair:4)
  A goliath frog (shapeshifter) (Vaults:5)
  17 skeletal warriors
  13 cherubim (Pan)
  15 sixfirhies
  3 goliath frogs
  19 shadow wraiths
  2 fire crabs
  4 spriggan druids
  A deep troll (shapeshifter) (Abyss:1)
  7 glowing orange brains
  5 salamander mystics (Snake:4)
  6 flayed ghosts
  5 shadow demons
  7 naga ritualists
  51 deep trolls
  A kraken simulacrum (Hell)
  A bunyip skeleton (Pan)
  14 wizards
  2 quicksilver dragon simulacra
  A shadow dragon zombie (Abyss:1)
  2 anaconda zombies (Hell)
  13 bog bodies
  8 deep elf archers
  19 ironbound convokers
  13 swamp dragons
  Pikel (D:7)
  2 wolf spider zombies (Gauntlet)
  10 harpies
  11 mana vipers
  14 phantasmal warriors
  27 deep elf zephyrmancers
  13 lindwurms
  6 orc knights
  5 necromancers
  17 salamanders
  25 deep elf pyromancers
  An orc sorcerer (Orc:2)
  3 cyclopes
  2 wolf spiders
  2 manticores (D:15)
  59 ugly things
  4 oklob plants (Lair:5)
  21 moths of wrath
  4 shining eyes
  2 will-o-the-wisps
  2 iron dragon skeletons
  3 worldbinders
  Maurice (Orc:2)
  A centaur zombie (Gauntlet)
  A moth of wrath (shapeshifter) (Vaults:5)
  A stone giant zombie (Crypt:2)
  17 demonic crawlers
  19 elephants
  43 slime creatures
  A black mamba (shapeshifter) (Vaults:5)
  44 black mambas
  5 molten gargoyles (Geh:7)
  3 guardian serpents
  10 rust devils
  A torpor snail (shapeshifter) (Vaults:1)
  2 dire elephant zombies
  13 orange demons
  A stone giant skeleton (Crypt:3)
  15 vault sentinels
  2 ice statues
  12 cane toads
  Maggie (Lair:1)
  A torpor snail (Lair:5)
  42 smoke demons
  2 gargoyles
  17 naga magi
  27 hellions
  6 komodo dragons
  A yaktaur (shapeshifter) (D:12)
  2 unseen horrors (D:13)
  6 ice devils
  35 yaktaurs
  2 kobold demonologists
  An anaconda simulacrum (Coc:7)
  A dire elephant skeleton (Pan)
  4 efreet
  10 freezing wraiths
  An orb spider zombie (Crypt:1)
  16 tormentors
  2 spectral nagas (Snake:4)
  A red draconian skeleton (Crypt:1)
  A bunyip simulacrum (Tomb:2)
  44 guardian mummies
  A grey draconian skeleton (Crypt:3)
  4 ancient zymes
  An iron giant simulacrum (Coc:7)
  2 harpy zombies (Crypt:2)
  6 tengu conjurers
  3 red devils (Pan)
  A sea snake skeleton (Hell)
  A silent spectre (Tar:4)
  A spectral harpy (Tar:4)
  5 meliai (Abyss:4)
  2 hydra zombies (Hell)
  6 tyrant leeches
  12 trolls
  2 tarantellas (Vaults:4)
  13 hellwings
  A tarantella (shapeshifter) (Depths:4)
  12 hornets
  Grinder (D:3)
  2 bloated husks
  A wind drake (shapeshifter) (Vaults:5)
  9 polar bears (Lair:5)
  15 raiju
  A queen bee (Abyss:4)
  A harpy skeleton (Pan)
  4 iron dragon simulacra
  A hydra skeleton (Pan)
  Sigmund (D:4)
  36 flying skulls
  A stone giant simulacrum (Coc:1)
  A centaur simulacrum (Crypt:2)
  31 large abominations
  A yak (shapeshifter) (D:13)
  23 ynoxinuls
  3 air elementals
  4 shadows
  A naga simulacrum (Coc:6)
  9 spriggans
  2 hogs
  13 ushabtiu
  11 wraiths
  A vampire (Abyss:4)
  A black mamba skeleton (Crypt:1)
  A water elemental (Elf:2)
  A fire elemental (Elf:2)
  24 neqoxecs
  13 wyverns
  3 dire elephant simulacra
  A fire bat (shapeshifter) (D:13)
  8 fire bats
  A hog (shapeshifter) (D:13)
  4 basilisks
  32 yaks
  A steam dragon (D:9)
  13 vampire mosquitoes
  12 chaos spawn
  Eustachio (D:6)
  6 redbacks
  13 swamp worms
  8 harpy simulacra
  10 wargs
  A skyshark zombie (Crypt:1)
  4 acid dragons
  35 nagas
  17 hell hounds
  3 hydra simulacra
  16 water moccasins
  A spectral hornet (Gauntlet)
  A merfolk skeleton (Crypt:1)
  4 floating eyes
  Pargi (D:3)
  A naga skeleton (Crypt:3)
  6 swamp drakes
  An elephant zombie (Crypt:1)
  An ettin simulacrum (Coc:7)
  4 ogres
  12 black bears
  27 orc warriors
  17 small abominations
  An ice beast (D:6)
  10 centaurs
  5 boggarts (Vaults:4)
  26 wolves
  A swamp dragon skeleton (Crypt:3)
  A blink frog skeleton (Crypt:2)
  An elf zombie (Crypt:1)
  4 kobold brigands
  A gnoll sergeant (D:13)
  12 bullfrogs
  3 necrophages
  4 earth elementals
  3 scorpions
  3 wights (D:7)
  6 jellies
  A troll zombie (Crypt:3)
  2 spriggan zombies
  A warg skeleton (Crypt:1)
  4 electric eels (D:13)
  2 wolf zombies
  2 howler monkeys
  2 quasits (Abyss:1)
  A gnoll bouda (D:8)
  4 hounds
  25 orc priests
  A jelly (shapeshifter) (Vaults:5)
  A bullfrog skeleton (Crypt:2)
  9 iguanas
  4 hell rats (Hell)
  Natasha (thrice) (D:2)
  22 orc wizards
  A killer bee zombie (Crypt:2)
  A hound zombie (Crypt:3)
  39 mummies
  Robin (D:2)
  9 gnolls
  A howler monkey skeleton (Crypt:2)
  6 adders
  A shadow imp (D:6)
  3 white imps
  3 ufetubi
  An iguana zombie (Crypt:3)
  A jelly zombie (Crypt:2)
  4 dart slugs
  91 orcs
  6 bats
  A bat zombie (Crypt:2)
  6 endoplasms
  4 giant cockroaches
  16 goblins
  9 hobgoblins
  4 jackals
  2 quokkas
  6 ball pythons
  2 frilled lizards (D:8)
  27 kobolds
  3 rats
  5 creeping infernos
  18 fire vortices
  6 lurking horrors
  5 starspawn tentacles
  2 tentacles (Hell)
3516 creatures vanquished.

Vanquished Creatures (collateral kills)
  15 death scarabs (Tomb:3)
  A skeletal warrior (Tomb:3)
  4 guardian mummies (Tomb:3)
  A mummy (Tomb:3)
21 creatures vanquished.

Vanquished Creatures (others)
  2 royal mummies
  Boris (Tomb:1)
  A lich (Tomb:3)
  An eldritch tentacle (Tomb:1)
  2 revenants
  3 bennus
  3 mummy priests
  A caustic shrike simulacrum (Coc:7)
  An alligator (Swamp:3)
  3 death scarabs (Tomb:2)
  A wizard (Pan)
  A fenstrider witch simulacrum (Coc:1)
  A yaktaur (Vaults:1)
  A bloated husk (Swamp:4)
  8 guardian mummies
  A spriggan (Swamp:4)
  An ushabti (Tomb:3)
  A small abomination (Abyss:4)
  6 mummies
  An orc (Orc:2)
  5 ball lightnings
  A creeping inferno (Geh:2)
  4 demonic plants (Gauntlet)
  2 foxfires (Swamp:1)
  39 fungi
  94 plants
  5 starspawn tentacles
  2 tentacles (Hell)
192 creatures vanquished.

Grand Total: 3729 creatures vanquished

Notes
Turn   | Place    | Note
-------+----------+-------------------------------------------
     0 | D:1      | manyhoops the Octopode Transmuter began the quest for the
                  | Orb.
     0 | D:1      | Reached XP level 1. HP: 13/13 MP: 3/3
   240 | D:1      | Found a faded altar of an unknown god.
   258 | D:1      | Reached XP level 2. HP: 18/18 MP: 3/5
   555 | D:2      | Noticed Natasha
   599 | D:2      | Learned a level 2 spell: Wereblood
   673 | D:2      | Reached XP level 3. HP: 12/24 MP: 4/6
   749 | D:2      | Killed Natasha
   750 | D:2      | Reached XP level 4. HP: 14/29 MP: 7/7
   874 | D:2      | Noticed Robin
   900 | D:2      | Killed Robin
  1099 | D:2      | Noticed Natasha
  1106 | D:2      | Killed Natasha
  1107 | D:2      | Reached XP level 5. HP: 28/35 MP: 8/8
  1167 | D:2      | You fall into a shaft and drop 2 floors!
  1208 | D:3      | Noticed Pargi
  1282 | D:2      | Noticed Natasha
  1291 | D:2      | Killed Natasha
  1789 | D:3      | Killed Pargi
  1790 | D:3      | Reached skill level 5 in Stealth
  1790 | D:3      | Reached XP level 6. HP: 41/41 MP: 9/9
  1979 | D:3      | Learned a level 4 spell: Ice Form
  2285 | D:3      | Reached skill level 1 in Ice Magic
  2471 | D:3      | Noticed Grinder
  2525 | D:4      | Noticed Sigmund
  2847 | D:3      | Paralysed by Grinder for 2 turns
  2852 | D:3      | Paralysed by Grinder for 4 turns
  2857 | D:3      | Gained mutation: You are partially covered in iridescent
                  | scales. (AC +2) [potion of mutation]
  2857 | D:3      | Gained mutation: You have hidden genetic potential. [potion
                  | of mutation]
  2857 | D:3      | Gained mutation: Your natural rate of healing is unusually
                  | fast. [potion of mutation]
  2859 | D:3      | Paralysed by Grinder for 4 turns
  2864 | D:3      | Paralysed by Grinder for 2 turns
  3294 | D:4      | Reached XP level 7. HP: 45/45 MP: 4/10
  3410 | D:4      | Found a shimmering altar of Xom.
  3437 | D:5      | Entered Level 5 of the Dungeon
  3486 | D:5      | Gained mutation: You have great hidden genetic potential.
                  | [hidden potential]
  3863 | D:5      | Found Zotwigas's Distillery.
  3871 | D:5      | Bought a potion of curing for 39 gold pieces
  3871 | D:5      | Bought a potion of curing for 39 gold pieces
  3871 | D:5      | Bought a potion of curing for 39 gold pieces
  3871 | D:5      | Bought a potion of might for 52 gold pieces
  4282 | D:5      | Reached XP level 8. HP: 37/44 MP: 11/11
  4375 | D:5      | Reached skill level 5 in Transmutations
  4680 | D:6      | Gained mutation: You have a pair of small antennae on your
                  | head. [hidden potential]
  4680 | D:6      | Lost mutation: You have great hidden genetic potential.
                  | [hidden potential expressed]
  4770 | D:6      | Found Niguwoth's Neck Hole.
  4848 | D:6      | Reached skill level 5 in Ice Magic
  4941 | D:6      | Noticed Eustachio
  4952 | D:6      | Killed Eustachio
  5015 | D:6      | Reached XP level 9. HP: 55/55 MP: 12/12
  5156 | D:6      | Identified the +1 robe of the Three Nightmares {*Slow Str+5
                  | Dex+2}
  5274 | D:4      | Killed Sigmund
  5294 | D:4      | Gained mutation: You heal very quickly. [hidden potential]
  5586 | D:3      | Killed Grinder
  5689 | D:7      | Noticed Pikel
  5758 | D:7      | Killed Pikel
  5828 | D:7      | Reached skill level 5 in Unarmed Combat
  6105 | D:7      | Found a staircase to the Ecumenical Temple.
  6183 | D:7      | Found Ram Cuor's Assorted Antiques.
  6189 | D:7      | Bought 2 fizzy inky potions for 54 gold pieces
  6189 | D:7      | Bought a murky purple potion for 27 gold pieces
  6189 | D:7      | Bought a scroll labelled XYGYNK MUGIJ for 30 gold pieces
  6189 | D:7      | Bought a scroll labelled XYGYNK MUGIJ for 30 gold pieces
  6192 | D:7      | Identified a scroll of acquirement
  6197 | D:7      | Acquired the staff of cold "Jeoluel" {rC+ Will+ rCorr}
  6276 | D:8      | Found a flagged portal.
  6284 | D:8      | Reached XP level 10. HP: 63/63 MP: 13/13
  6312 | D:8      | Gained mutation: Your mind is acute. (Int +4, Str/Dex -1)
                  | [hidden potential]
  6312 | D:8      | Lost mutation: You have hidden genetic potential. [hidden
                  | potential expressed]
  6320 | Bailey   | Entered a bailey
  6426 | Bailey   | Reached skill level 5 in Fighting
  6661 | D:8      | Noticed a two-headed ogre
  6669 | D:8      | Killed a two-headed ogre
  7203 | D:9      | Found Roitwew's Antique Weapon Shop.
  7403 | D:9      | Noticed a two-headed ogre
  7419 | D:9      | Killed a two-headed ogre
  7564 | Temple   | Entered the Ecumenical Temple
  7577 | Temple   | Became a worshipper of Gozag Ym Sagoz the Greedy
  7712 | D:9      | Reached XP level 11. HP: 72/72 MP: 14/14
  7922 | D:10     | Entered Level 10 of the Dungeon
  7922 | D:10     | Noticed a cyclops
  8245 | D:10     | Found a staircase to the Lair.
  8571 | D:10     | Found a portal to a secret trove of treasure.
  8665 | Lair:1   | Entered Level 1 of the Lair of Beasts
  8684 | Lair:1   | Noticed an oklob plant
  8930 | Lair:1   | Reached skill level 10 in Unarmed Combat
  8944 | Lair:1   | Noticed Maggie
  8959 | Lair:1   | Killed Maggie
  9349 | Lair:1   | Found a runed translucent door.
  9350 | Lair:1   | Found a shimmering altar of Xom.
  9350 | Lair:1   | Noticed manyhoops's ghost (journeyman OpTm)
  9351 | Lair:1   | Noticed a +3 long sword of chaos
  9834 | Lair:2   | Found a staircase to the Snake Pit.
  9906 | Lair:2   | Noticed Nergalle
 10018 | Lair:2   | Reached skill level 10 in Stealth
 10188 | Lair:2   | Identified the +3 trident "Jaekkois" {heavy, rN+ Str+2}
 10418 | Lair:3   | Noticed Kirke
 10443 | Lair:2   | Reached XP level 12. HP: 75/75 MP: 15/15
 10578 | Lair:3   | Noticed an eight-headed hydra
 10711 | Lair:3   | Killed an eight-headed hydra
 10898 | Lair:3   | Reached skill level 15 in Stealth
 11017 | Lair:3   | Found a staircase to the Swamp.
 11191 | Lair:3   | Killed Kirke
 11748 | Lair:4   | Noticed a skyshark
 11769 | Lair:4   | Killed a skyshark
 11800 | Lair:4   | Reached XP level 13. HP: 86/86 MP: 16/16
 12868 | Lair:5   | Entered Level 5 of the Lair of Beasts
 13039 | Lair:5   | Paralysed by a hornet for 1 turns
 13396 | Lair:5   | Found a viscous altar of Jiyva.
 13913 | Lair:5   | Paralysed by a hornet for 1 turns
 13917 | Lair:5   | Reached XP level 14. HP: 95/95 MP: 20/20
 14973 | D:6      | Bought an amulet of regeneration for 420 gold pieces
 15174 | D:9      | Learned a level 3 spell: Swiftness
 15203 | D:10     | Got Maceurr's Spellbook of the Xenotype
 15525 | D:11     | Reached skill level 15 in Unarmed Combat
 15554 | D:11     | Found a staircase to the Orcish Mines.
 15727 | D:11     | Noticed Snorg
 15738 | D:11     | Killed Snorg
 15935 | D:11     | Found Kygiam's Weapon Shoppe.
 16771 | D:13     | Found a gateway to a bazaar.
 16796 | Bazaar   | Entered a bazaar
 16803 | Bazaar   | Found Enuisatt's Book Boutique.
 16819 | Bazaar   | Found Jetec's General Store.
 16827 | Bazaar   | Bought a scroll of fear for 64 gold pieces
 16827 | Bazaar   | Bought a potion of curing for 48 gold pieces
 16827 | Bazaar   | Bought a scroll of identify for 32 gold pieces
 16827 | Bazaar   | Bought a scroll of identify for 32 gold pieces
 16833 | Bazaar   | Found Werch's Book Boutique.
 16838 | Bazaar   | Bought a book of the Sky for 396 gold pieces
 17002 | D:13     | Learned a level 7 spell: Storm Form
 17005 | D:13     | Learned a level 2 spell: Passwall
 17057 | D:13     | Found Velyfail's Magic Scroll Boutique.
 17063 | D:13     | Reached skill level 1 in Earth Magic
 17161 | D:13     | Bought a scroll of acquirement for 988 gold pieces
 17161 | D:13     | Bought a scroll of teleportation for 57 gold pieces
 17161 | D:13     | Bought a scroll of fear for 76 gold pieces
 17161 | D:13     | Bought a scroll of identify for 38 gold pieces
 17161 | D:13     | Bought a scroll of identify for 38 gold pieces
 17161 | D:13     | Acquired 460 gold pieces
 17198 | D:13     | Found a gate to the Vaults.
 17366 | D:14     | Reached skill level 1 in Air Magic
 17437 | D:14     | Noticed Josephine
 17445 | D:14     | Killed Josephine
 17456 | D:14     | Reached XP level 15. HP: 102/102 MP: 21/21
 17696 | D:14     | Found a shimmering altar of Xom.
 17696 | D:14     | Found a shimmering altar of Xom.
 17697 | D:14     | Found a shimmering altar of Xom.
 17697 | D:14     | Found a shimmering altar of Xom.
 17698 | D:14     | Found a shimmering altar of Xom.
 17698 | D:14     | Found a shimmering altar of Xom.
 17699 | D:14     | Found a shimmering altar of Xom.
 17699 | D:14     | Found a shimmering altar of Xom.
 18054 | D:15     | Entered Level 15 of the Dungeon
 18142 | D:15     | Reached skill level 5 in Air Magic
 18488 | D:15     | Bought a potion of lignification for 48 gold pieces
 18488 | D:15     | Bought a potion of invisibility for 128 gold pieces
 18488 | D:15     | Bought a potion of might for 64 gold pieces
 18488 | D:15     | Bought a potion of curing for 48 gold pieces
 18488 | D:15     | Bought a potion of brilliance for 64 gold pieces
 18678 | D:15     | Reached skill level 10 in Transmutations
 19117 | D:15     | Noticed Louise
 19134 | D:15     | Killed Louise
 19208 | D:15     | Found a staircase to the Depths.
 19410 | Orc:1    | Entered Level 1 of the Orcish Mines
 19410 | Orc:1    | Found Atiny's Antique Weapon Boutique.
 19414 | Orc:1    | Found Tokoef's Antique Weapon Boutique.
 19473 | Orc:1    | Bought a bloodstained whip for 277 gold pieces
 19473 | Orc:1    | Identified the +8 whip "Kifoonn" {elec, rPois Str+3} (You
                  | bought it in a shop on level 1 of the Orcish Mines)
 19682 | Orc:1    | Found Luixza's Self-Improvement Boutique.
 19690 | Orc:1    | Bought a manual of Unarmed Combat for 960 gold pieces
 19785 | Orc:1    | Found Lanwun's Assorted Antiques.
 19788 | Orc:1    | Bought an iridescent halberd for 261 gold pieces
 19788 | Orc:1    | Identified the +7 halberd of the Pariah {speed, rPois rC+
                  | rCorr Dex-3} (You bought it in a shop on level 1 of the
                  | Orcish Mines)
 19920 | Orc:2    | Entered Level 2 of the Orcish Mines
 19923 | Orc:2    | Found a gate leading to a gauntlet.
 19957 | Gauntlet | Entered a Gauntlet
 19957 | Gauntlet | Found a transporter.
 19957 | Gauntlet | Found a runed translucent door.
 19958 | Gauntlet | Found a runed translucent door.
 19969 | Gauntlet | Found a transporter.
 19972 | Gauntlet | Found a transporter.
 19973 | Gauntlet | Found a transporter.
 19981 | Gauntlet | Found a transporter.
 19984 | Gauntlet | Found a transporter.
 19985 | Gauntlet | Found a transporter.
 19995 | Gauntlet | Found a transporter.
 19997 | Gauntlet | Found a transporter.
 19998 | Gauntlet | Found a transporter.
 20004 | Gauntlet | Found a runed translucent gate.
 20004 | Gauntlet | Found a runed translucent gate.
 20005 | Gauntlet | Found a runed translucent gate.
 20006 | Gauntlet | Found a transporter.
 20009 | Gauntlet | Found a transporter.
 20010 | Gauntlet | Found a transporter.
 20018 | Gauntlet | Found a transporter.
 20411 | Gauntlet | Identified the ring of Toagutih {Will+ Int+2}
 20445 | Gauntlet | Identified the +6 double sword of Deflation {venom, rPois
                  | rF+ Will+}
 20445 | Gauntlet | Identified the ring "Kosuutt" {rF- Will+ Int+5 SInv Stlth+}
 20639 | Orc:2    | Found Wicot's Distillery.
 20639 | Orc:2    | Noticed Maurice
 20702 | Orc:2    | Killed Maurice
 20762 | Orc:2    | Bought a potion of resistance for 150 gold pieces
 20762 | Orc:2    | Bought a potion of curing for 45 gold pieces
 20762 | Orc:2    | Bought a potion of curing for 45 gold pieces
 20762 | Orc:2    | Bought a potion of heal wounds for 75 gold pieces
 20762 | Orc:2    | Bought a potion of magic for 120 gold pieces
 20762 | Orc:2    | Bought a potion of might for 60 gold pieces
 21102 | Orc:2    | Found a staircase to the Elven Halls.
 21432 | Orc:2    | Found Owkiujay's Weapon Shop.
 21432 | Orc:2    | Found Xuetudab's Magic Scroll Shop.
 21434 | Orc:2    | Found Xoigin's Book Boutique.
 21448 | Orc:2    | Found Jiutipe's General Store.
 21463 | Orc:2    | Bought a scroll of teleportation for 42 gold pieces
 21463 | Orc:2    | Bought a scroll of blinking for 105 gold pieces
 21464 | Orc:2    | Bought a book of the Dragon for 598 gold pieces
 21965 | Swamp:1  | Entered Level 1 of the Swamp
 22430 | Swamp:1  | Reached XP level 16. HP: 81/108 MP: 22/22
 23206 | Swamp:2  | Reached skill level 10 in Air Magic
 24255 | Swamp:4  | Entered Level 4 of the Swamp
 24454 | Swamp:3  | Reached skill level 5 in Spellcasting
 24549 | Swamp:4  | Reached XP level 17. HP: 113/113 MP: 22/26
 25271 | Swamp:4  | Got a decaying rune of Zot
 25812 | Orc:2    | Bought a potion of experience for 700 gold pieces
 25812 | Orc:2    | Reached XP level 18. HP: 120/120 MP: 27/27
 26010 | Snake:1  | Entered Level 1 of the Snake Pit
 26032 | Snake:1  | Reached XP level 19. HP: 126/126 MP: 21/28
 26139 | Snake:1  | Noticed Agnes
 26144 | Snake:1  | Killed Agnes
 26376 | Snake:1  | Found Aneuremi's Overcharged Wands.
 26379 | Snake:1  | Noticed Frances
 26389 | Snake:1  | Killed Frances
 26407 | Snake:1  | Bought a wand of digging (11) for 693 gold pieces
 26605 | Snake:1  | Learned a level 2 spell: Blink
 26611 | Snake:1  | Learned a level 5 spell: Freezing Cloud
 26666 | Snake:2  | Learned a level 4 spell: Manifold Assault
 27466 | Snake:3  | Reached skill level 10 in Fighting
 28630 | Snake:4  | Entered Level 4 of the Snake Pit
 28636 | Snake:4  | Reached skill level 5 in Dodging
 29164 | Snake:3  | Learned a level 3 spell: Vhi's Electric Charge
 29539 | Snake:4  | Reached XP level 20. HP: 126/135 MP: 19/29
 29669 | Snake:4  | Got a serpentine rune of Zot
 30516 | D:9      | Bought an iridescent broad axe for 333 gold pieces
 30516 | D:9      | Identified the +7 broad axe "Wecarchu" {antimagic, rElec
                  | Will+ Int+4} (You bought it in a shop on level 9 of the
                  | Dungeon)
 30812 | Vaults:1 | Entered Level 1 of the Vaults
 31304 | Vaults:1 | Identified the +4 spear of Diet Blood {flame, rElec rPois
                  | Will+ rCorr}
 32542 | Vaults:2 | Noticed Boris
 32551 | Vaults:2 | Killed Boris
 32621 | Vaults:2 | Reached XP level 21. HP: 141/143 MP: 23/30
 32972 | Vaults:2 | Noticed Aizul
 32982 | Vaults:2 | Killed Aizul
 33146 | Vaults:2 | Found a staircase to the Crypt.
 33242 | Vaults:2 | Acquired the staff of air "Plog" {Drain rElec rPois Int+5}
 34138 | Vaults:3 | Noticed Zenata
 34287 | Vaults:3 | Killed Zenata
 34468 | Vaults:3 | Noticed Asterion
 34474 | Vaults:3 | Killed Asterion
 34733 | Vaults:3 | Noticed Boris
 34742 | Vaults:3 | Killed Boris
 35121 | Vaults:3 | Noticed Mara
 35134 | Vaults:3 | Killed Mara
 35301 | Vaults:3 | Reached XP level 22. HP: 155/155 MP: 31/31
 35355 | Vaults:3 | Reached skill level 15 in Fighting
 36371 | Vaults:4 | Identified the ring of Limmuzis {rC+ rN+ MP+9 Stlth+}
 36465 | Vaults:4 | Found a transporter.
 36468 | Vaults:4 | Noticed Dacon's ghost (adept MiGl)
 36470 | Vaults:4 | Noticed a dread lich
 36492 | Vaults:4 | Found a transporter.
 36493 | Vaults:4 | Noticed TPoD's ghost (adept HOMo)
 37389 | Vaults:5 | Entered Level 5 of the Vaults
 37399 | Vaults:5 | Noticed a golden dragon
 37474 | Vaults:5 | Reached skill level 10 in Spellcasting
 37499 | Vaults:5 | Killed a golden dragon
 37673 | Vaults:5 | Identified the +3 great mace of Neurosis {freeze, rF++
                  | Int+3 Dex+4}
 37931 | Vaults:5 | Noticed a golden dragon
 37933 | Vaults:5 | Reached XP level 23. HP: 144/165 MP: 33/37
 37963 | Vaults:5 | Killed a golden dragon
 38086 | Vaults:5 | Identified the +10 rapier of the Muttering Pariah {spect,
                  | rPois Int+4 Dex+3}
 38154 | Vaults:5 | Noticed a golden dragon
 38170 | Vaults:5 | Killed a golden dragon
 38171 | Vaults:5 | Reached skill level 15 in Transmutations
 38178 | Vaults:5 | Noticed a dread lich
 38197 | Vaults:5 | Got a silver rune of Zot
 38203 | Vaults:5 | Got Woisair's Catalogue of the Voyage
 38378 | Vaults:5 | Noticed a dread lich
 38384 | Vaults:5 | Killed a dread lich
 38389 | Vaults:5 | Identified the +8 mace of Blood-Lust {holy, Str+4 Dex+3}
 38389 | Vaults:5 | Identified the +3 scale mail "Loingut" {Rampage rElec rN+
                  | Dex-4}
 38412 | Vaults:5 | Noticed a dread lich
 38426 | Vaults:5 | Killed a dread lich
 38661 | Vaults:5 | Got the Elucidation of Floating Venom
 38855 | Vaults:5 | Reached skill level 1 in Translocations
 39398 | Vaults:5 | Identified the ring "Suuxko" {rElec rF++ Will+ MP+9 Dex+2}
 39545 | Vaults:5 | Identified the +3 sling "Xuish" {freeze, Int+3 Dex+3}
 39590 | Vaults:5 | Killed a dread lich
 39733 | Crypt:1  | Entered Level 1 of the Crypt
 39808 | Crypt:1  | Reached skill level 5 in Translocations
 40069 | Crypt:1  | Noticed Xtahua
 40082 | Crypt:1  | Killed Xtahua
 40659 | Crypt:2  | Reached XP level 24. HP: 171/171 MP: 37/37
 41093 | Crypt:2  | Noticed Boris
 41101 | Crypt:2  | Killed Boris
 41102 | Crypt:2  | Reached skill level 10 in Translocations
 41557 | Crypt:3  | Entered Level 3 of the Crypt
 41787 | Crypt:3  | Found a runed translucent gate.
 41788 | Crypt:3  | Found a runed translucent gate.
 41789 | Crypt:3  | Found a runed translucent gate.
 41791 | Crypt:3  | Noticed Giohirit's ghost (veteran FoFi)
 41850 | Crypt:3  | Noticed Boris
 41866 | Crypt:3  | Killed Boris
 41983 | Crypt:3  | Found the +8 Vampire's Tooth {megavamp}
 42260 | Crypt:3  | Noticed a dread lich
 42260 | Crypt:3  | Noticed an ancient lich
 42329 | Crypt:3  | Killed a dread lich
 42331 | Crypt:3  | Killed an ancient lich
 42368 | Crypt:3  | Identified the staff of fire "Diqiceel" {Contam rF+ rN+++
                  | rCorr Dex+2}
 42369 | Crypt:3  | Identified the ring "Qoesmup" {rN+ Int+2}
 42369 | Crypt:3  | Identified the ring "Widdil" {rN+ rCorr Str+2 Slay-5
                  | Stlth+}
 42369 | Crypt:3  | Identified the ring of Zibuho Xinem {rPois rN+ Int+6}
 42376 | Crypt:3  | Got the Volume of Cinders and Destruction
 42529 | Crypt:3  | Found a staircase to the Tomb.
 43329 | D:13     | Identified the +5 broad axe of Qarroatro {heavy, rCorr}
 43767 | Lair:5   | Found a staircase to the Slime Pits.
 43789 | Slime:1  | Entered Level 1 of the Pits of Slime
 43947 | Slime:3  | Noticed Dissolution
 43950 | Slime:3  | Killed Dissolution
 44066 | Slime:5  | Entered Level 5 of the Pits of Slime
 44133 | Slime:5  | Noticed the Royal Jelly
 44135 | Slime:5  | Found a viscous altar of Jiyva.
 44146 | Slime:5  | Killed the Royal Jelly
 44152 | Slime:5  | Gained mutation: You are vulnerable to heat. (rF-) [a
                  | shining eye]
 44155 | Slime:5  | Reached XP level 25. HP: 96/177 MP: 37/37
 44166 | Slime:5  | Identified the +7 sling of Eciyrag {speed, rPois}
 44205 | Slime:5  | Got a slimy rune of Zot
 44235 | Slime:5  | Identified the +4 battleaxe of the Lair of Beasts {freeze,
                  | rF+ Dex+3}
 44316 | Slime:5  | Identified the +4 sling "Dercholeu" {speed, Str+2}
 44560 | D:10     | You showed the slimy rune of Zot to enter a treasure trove
 44561 | Trove    | Entered a treasure trove
 44563 | Trove    | Found the ring of the Mage {Wiz Archmagi}
 44565 | Trove    | Identified the amulet of Lies {Spirit Dex+2}
 44570 | Trove    | Identified the ring of the Conjuring Gods {Ice Str-4 Dex+9}
 44578 | Trove    | Identified the ring of Roaska Siem {rCorr Str+3}
 44580 | Trove    | Identified the ring "Orobb" {EV+5 Str+2}
 44793 | Depths:1 | Entered Level 1 of the Depths
 45259 | Depths:1 | Found a gateway to Hell.
 45284 | Depths:1 | Found a one-way gateway to a ziggurat.
 45287 | Depths:1 | Paralysed by a floating eye for 3 turns
 45335 | Depths:1 | Acquired 1233 gold pieces
 45537 | Depths:1 | Found a one-way gate leading to the halls of Pandemonium.
 45858 | Depths:1 | Found a one-way gate to the infinite horrors of the Abyss.
 45938 | Depths:1 | Voluntarily entered the Abyss.
 46671 | Abyss:4  | Found a blossoming altar of Fedhas.
 46673 | Abyss:4  | Found a corrupted altar of Lugonu.
 46795 | Abyss:4  | Noticed a dread lich
 46800 | Abyss:4  | Killed a dread lich
 46839 | Abyss:4  | Got an abyssal rune of Zot
 46852 | Depths:1 | Escaped the Abyss
 47117 | Elf:1    | Entered Level 1 of the Elven Halls
 47117 | Elf:1    | Noticed Donald
 47126 | Elf:1    | Killed Donald
 47341 | Elf:1    | Bought a scroll of teleportation for 36 gold pieces
 47343 | Elf:1    | Bought a potion of curing for 66 gold pieces
 47343 | Elf:1    | Bought a potion of curing for 66 gold pieces
 47343 | Elf:1    | Bought a potion of haste for 220 gold pieces
 47343 | Elf:1    | Bought a potion of heal wounds for 110 gold pieces
 47343 | Elf:1    | Bought a potion of heal wounds for 110 gold pieces
 47353 | Elf:1    | Bought a scroll of teleportation for 60 gold pieces
 47353 | Elf:1    | Bought a scroll of teleportation for 60 gold pieces
 47361 | Elf:1    | Bought a scroll of magic mapping for 105 gold pieces
 47361 | Elf:1    | Bought a scroll of magic mapping for 105 gold pieces
 47367 | Elf:1    | Bought a potion of mutation for 176 gold pieces
 47370 | Elf:1    | Bought the ring of Dynnimut {+Blink rF+ rCorr Int+2 SInv}
                  | for 1007 gold pieces
 47482 | Elf:1    | You are sucked into a shaft and drop 1 floor!
 47621 | Elf:2    | Found a runed translucent gate.
 47621 | Elf:2    | Found a runed translucent gate.
 47622 | Elf:2    | Found a runed translucent gate.
 47968 | Elf:2    | Paralysed by an air elemental for 1 turns
 48238 | Elf:2    | Found a flickering gateway to a bazaar.
 48247 | Bazaar   | Entered a bazaar
 48253 | Bazaar   | Found Ceobba's Jewellery Emporium.
 48253 | Bazaar   | Found Maamim's Book Shoppe.
 48394 | Elf:3    | Entered Level 3 of the Elven Halls
 48394 | Elf:3    | Found Ampih's Assorted Antiques.
 48455 | Elf:3    | Reached XP level 26. HP: 179/187 MP: 37/37
 48706 | Elf:3    | Paralysed by an air elemental for 1 turns
 49083 | Elf:3    | Identified the +8 whip of Excruciating Pain {speed, Str+2
                  | Stlth+}
 49131 | Elf:3    | Identified the +0 hand axe of the Thirteen Ziggurats
                  | {spect, rCorr Str-5 Int+3 Dex+5}
 49131 | Elf:3    | Found the macabre finger necklace {Finger+ rN+}
 49141 | Elf:3    | Identified the +1 hat of the Ecumenical Temple {rC+ Str+4
                  | Stlth-}
 49336 | Elf:3    | Identified the ring of Vaonemmu {rElec rF+ Will+}
 49346 | Elf:3    | Identified the +3 leather armour "Keickiogerch" {+Blink
                  | rF+++ Int+3 Dex-4}
 49469 | Elf:3    | Bought a potion of magic for 296 gold pieces
 49584 | Elf:3    | Identified the ring of Cosajibb {rC+ SInv}
 49627 | Elf:3    | Identified the staff of earth "Daaduts" {Fly rElec rN+
                  | Will+}
 49637 | Elf:3    | Identified the +6 morningstar "Diefu" {drain, rPois Str+5
                  | Int-4}
 49643 | Elf:3    | Identified the staff of air "Ybbuif" {rElec rPois}
 49646 | Elf:3    | Identified the +6 sling "Vicalut" {drain, Fly SInv}
 49657 | Elf:3    | Got the Directory of Fog
 49694 | Elf:3    | Identified the ring "Jely" {rElec rF+ rC+ Int+2 Slay+4}
 50141 | Depths:2 | Noticed a juggernaut
 50143 | Depths:2 | Killed a juggernaut
 50155 | Depths:2 | Noticed a juggernaut
 50162 | Depths:2 | Killed a juggernaut
 50207 | Depths:2 | Noticed Boris
 50247 | Depths:2 | Killed Boris
 50385 | Depths:2 | Identified the staff of air "Zuduhate" {rElec Str+3}
 50427 | Depths:2 | Identified the ring "Noijisy" {+Blink rC- Str+6 Dex+3
                  | Slay+5}
 51604 | Elf:1    | Bought the ring of Xom's Malicious Joy {rPois rC+ rN+ MP+9
                  | EV+5} for 1468 gold pieces
 51829 | Pan      | Entered Pandemonium
 51841 | Pan      | Reached XP level 27. HP: 195/195 MP: 37/37
 51913 | Pan      | Noticed Leybealuss the pandemonium lord
 51921 | Pan      | Killed Leybealuss the pandemonium lord
 51922 | Pan      | Reached skill level 27 in Unarmed Combat
 51949 | Pan      | Identified the amulet "Suegaick" {Reflect *Corrode +Blink
                  | rC+++ Str+3 Int+4 SH+5}
 53243 | Pan      | Noticed Nytylay the pandemonium lord
 53249 | Pan      | Killed Nytylay the pandemonium lord
 53357 | Pan      | Found a transporter.
 53366 | Pan      | Noticed Johoixzi the pandemonium lord
 53366 | Pan      | Found a huge runed translucent gate.
 53366 | Pan      | Found a huge runed translucent gate.
 53366 | Pan      | Found a huge runed translucent gate.
 53366 | Pan      | Found a huge runed translucent gate.
 53366 | Pan      | Found a huge runed translucent gate.
 53366 | Pan      | Found a huge runed translucent gate.
 53366 | Pan      | Found a huge runed translucent gate.
 53366 | Pan      | Found a huge runed translucent gate.
 53366 | Pan      | Found a huge runed translucent gate.
 53366 | Pan      | Found a huge runed translucent gate.
 53366 | Pan      | Found a huge runed translucent gate.
 53366 | Pan      | Found a huge runed translucent gate.
 53366 | Pan      | Found a huge runed translucent gate.
 53366 | Pan      | Found a huge runed translucent gate.
 53366 | Pan      | Found a huge runed translucent gate.
 53367 | Pan      | Found a huge runed translucent gate.
 53367 | Pan      | Found a huge runed translucent gate.
 53797 | Pan      | Noticed Dejoiz the pandemonium lord
 53810 | Pan      | Killed Dejoiz the pandemonium lord
 53889 | Pan      | Found an exit through the horrors of the Abyss.
 53929 | Pan      | Reached skill level 10 in Dodging
 54611 | Pan      | Acquired 478 gold pieces
 54738 | Pan      | Noticed a seraph
 54750 | Pan      | Killed a seraph
 54792 | Pan      | Identified the +2 robe "Yjulesor" {Will++ Slay-6}
 54803 | Pan      | Found a glowing golden altar of the Shining One.
 54814 | Pan      | Got a demonic rune of Zot
 54826 | Pan      | Identified the +2 mace "Saeteril" {venom, rN+ Will- Int+3
                  | Stlth+}
 54831 | Pan      | Got Leeng's Teachings on Charnel Anthracomancy
 54931 | Pan      | Found a glowing silver altar of Zin.
 55103 | Pan      | Found a white marble altar of Elyvilon.
 55341 | Pan      | Identified the +5 morningstar "Viry" {drain, rC++ Will-
                  | rCorr Int+8}
 55355 | Pan      | Noticed Miliralu the pandemonium lord
 55356 | Pan      | Killed Miliralu the pandemonium lord
 55359 | Pan      | Reached skill level 15 in Dodging
 55415 | Pan      | Entered the realm of Mnoleg.
 55494 | Pan      | Gained mutation: You occasionally lose the ability to drink
                  | potions when taking damage. [a neqoxec]
 55624 | Pan      | Noticed Mnoleg
 55630 | Pan      | Gained mutation: You have hidden genetic defects. [a
                  | cacodemon]
 55637 | Pan      | Killed Mnoleg
 55663 | Pan      | Got a glowing rune of Zot
 55747 | Pan      | Entered the realm of Lom Lobon.
 55807 | Pan      | Noticed Lom Lobon
 55813 | Pan      | Killed Lom Lobon
 55855 | Pan      | Got a magical rune of Zot
 56218 | Pan      | Found an exit through the horrors of the Abyss.
 56404 | Pan      | Lost mutation: Your mind is acute. (Int +4, Str/Dex -1)
                  | [hidden defects]
 56502 | Pan      | Entered the realm of Cerebov.
 56546 | Pan      | Found the +6 sword of Cerebov {flame}
 56546 | Pan      | Noticed Cerebov
 56564 | Pan      | Killed Cerebov
 56590 | Pan      | Got a fiery rune of Zot
 56683 | Pan      | Identified the ring "Pulemuon" {rElec rN++ Slay+4 SInv
                  | Stlth+}
 56785 | Pan      | Identified the ring "Rohetoe" {Wiz rCorr MP+9 Dex-2 Stlth+}
 56843 | Pan      | Noticed Fohuepp the pandemonium lord
 57006 | Pan      | Gained mutation: You sometimes lose your temper in combat.
                  | [hidden defects]
 57006 | Pan      | Lost mutation: You have hidden genetic defects. [hidden
                  | defects expressed]
 57129 | Pan      | Lost mutation: You are vulnerable to heat. (rF-) [potion of
                  | mutation]
 57129 | Pan      | Lost mutation: You sometimes lose your temper in combat.
                  | [potion of mutation]
 57129 | Pan      | Lost mutation: You heal very quickly. [potion of mutation]
 57129 | Pan      | Gained mutation: You expend magic power (3 MP) to
                  | strengthen your wands. [potion of mutation]
 57416 | Pan      | Entered the realm of Gloorx Vloq.
 57536 | Pan      | Noticed Gloorx Vloq
 57544 | Pan      | Killed Gloorx Vloq
 57577 | Pan      | Got a dark rune of Zot
 58118 | Pan      | Gained mutation: Your body sometimes deteriorates upon
                  | taking damage. [a neqoxec]
 59193 | Pan      | Found an exit through the horrors of the Abyss.
 59209 | Pan      | Took an exit into the Abyss.
 59209 | Abyss:4  | Escaped into the Abyss
 59210 | Abyss:4  | Found a corrupted altar of Lugonu.
 59218 | Abyss:4  | Found a corrupted altar of Lugonu.
 59443 | Abyss:4  | Paralysed by you for 4 turns
 59449 | Depths:1 | Escaped the Abyss
 60006 | Hell     | Entered the Vestibule of Hell
 60006 | Hell     | Noticed Geryon
 60051 | Hell     | Killed Geryon
 60145 | Hell     | Found a gateway to the ashen valley of Gehenna.
 60156 | Geh:1    | Entered Level 1 of Gehenna
 60427 | Geh:2    | Found a runed translucent gate.
 60427 | Geh:2    | Found a runed translucent gate.
 60427 | Geh:2    | Found a runed translucent gate.
 60432 | Geh:2    | Found a runed translucent gate.
 60432 | Geh:2    | Found a runed translucent gate.
 60432 | Geh:2    | Found a runed translucent gate.
 60459 | Geh:2    | Found a runed translucent gate.
 60460 | Geh:2    | Found a runed translucent gate.
 60460 | Geh:2    | Found a runed translucent gate.
 60472 | Geh:2    | Found a runed translucent gate.
 60472 | Geh:2    | Found a runed translucent gate.
 60472 | Geh:2    | Found a runed translucent gate.
 61208 | Geh:7    | Entered Level 7 of Gehenna
 61352 | Geh:7    | Reached skill level 15 in Air Magic
 61429 | Geh:7    | Identified the ring "Qusoskepp" {rPois EV+5 Str+7 Int-5}
 61514 | Geh:7    | Found the +13 sceptre of Asmodeus
 61514 | Geh:7    | Noticed Asmodeus
 61529 | Geh:7    | Killed Asmodeus
 61553 | Geh:7    | Got an obsidian rune of Zot
 61718 | Geh:7    | Identified the +6 mace of Wrongful Imprisonment {heavy,
                  | +Blink Str-2 Dex+3}
 62099 | Hell     | Found a gateway to the Iron City of Dis.
 62122 | Dis:1    | Entered Level 1 of the Iron City of Dis
 62956 | Dis:7    | Entered Level 7 of the Iron City of Dis
 63172 | Dis:7    | Noticed a juggernaut
 63182 | Dis:7    | Killed a juggernaut
 63205 | Dis:7    | Noticed the Serpent of Hell
 63213 | Dis:7    | Killed the Serpent of Hell
 63601 | Dis:7    | Noticed Dispater
 63611 | Dis:7    | Killed Dispater
 63662 | Dis:7    | Found the +3 salamander hide armour {Flames, rFlCloud rF++
                  | rC--}
 63664 | Dis:7    | Got an iron rune of Zot
 63668 | Dis:7    | Got the Incunable of Nephomancy and Resurrection
 63825 | Hell     | Found a gateway to the freezing wastes of Cocytus.
 63868 | Coc:1    | Entered Level 1 of Cocytus
 64077 | Coc:7    | Entered Level 7 of Cocytus
 64584 | Coc:7    | Paralysed by a wendigo for 1 turns
 64708 | Coc:7    | Noticed Antaeus
 64725 | Coc:7    | Killed Antaeus
 64740 | Coc:7    | Got an icy rune of Zot
 64937 | Hell     | Found a gateway to the decaying netherworld of Tartarus.
 64945 | Tar:1    | Entered Level 1 of Tartarus
 65490 | Tar:5    | Noticed a dread lich
 65493 | Tar:5    | Killed a dread lich
 65742 | Tar:6    | Reached skill level 15 in Spellcasting
 66034 | Tar:7    | Entered Level 7 of Tartarus
 66120 | Tar:7    | Noticed an ancient lich
 66129 | Tar:7    | Killed an ancient lich
 66153 | Tar:7    | Noticed an ancient lich
 66157 | Tar:7    | Killed an ancient lich
 66445 | Tar:7    | Noticed an ancient lich
 66453 | Tar:7    | Killed an ancient lich
 66481 | Tar:7    | Noticed Ereshkigal
 66493 | Tar:7    | Killed Ereshkigal
 66527 | Tar:7    | Got a bone rune of Zot
 66997 | Tomb:1   | Entered Level 1 of the Tomb of the Ancients
 67287 | Tomb:1   | Learned a level 4 spell: Passage of Golubria
 67294 | Tomb:1   | Learned a level 6 spell: Conjure Ball Lightning
 67303 | Tomb:1   | Learned a level 8 spell: Necromutation
 67312 | Tomb:1   | Noticed a royal mummy
 67318 | Tomb:1   | Killed a royal mummy
 67620 | Tomb:1   | Noticed a royal mummy
 67654 | Tomb:1   | Killed a royal mummy
 68150 | Tomb:2   | Noticed a royal mummy
 68154 | Tomb:2   | Killed a royal mummy
 68166 | Tomb:2   | Noticed a royal mummy
 68170 | Tomb:2   | Noticed a royal mummy
 68180 | Tomb:2   | Killed a royal mummy
 68180 | Tomb:2   | Killed a royal mummy
 68181 | Tomb:2   | Reached skill level 5 in Necromancy
 68193 | Tomb:2   | Noticed a royal mummy
 68200 | Tomb:2   | Killed a royal mummy
 68720 | Tomb:2   | Lost mutation: Your natural rate of healing is unusually
                  | fast. [potion of mutation]
 68720 | Tomb:2   | Lost mutation: You have a pair of small antennae on your
                  | head. [potion of mutation]
 68721 | Tomb:2   | Lost mutation: You expend magic power (3 MP) to strengthen
                  | your wands. [potion of mutation]
 68721 | Tomb:2   | Lost mutation: Your body sometimes deteriorates upon taking
                  | damage. [potion of mutation]
 68721 | Tomb:2   | Lost mutation: You occasionally lose the ability to drink
                  | potions when taking damage. [potion of mutation]
 68721 | Tomb:2   | Gained mutation: You sometimes lose your temper in combat.
                  | [potion of mutation]
 68721 | Tomb:2   | Gained mutation: You are dopey. (Int -2) [potion of
                  | mutation]
 68721 | Tomb:2   | Gained mutation: You have an uncontrollable temper. [potion
                  | of mutation]
 68722 | Tomb:2   | Lost mutation: You are partially covered in iridescent
                  | scales. (AC +2) [potion of mutation]
 68722 | Tomb:2   | Lost mutation: You have an uncontrollable temper. [potion
                  | of mutation]
 68722 | Tomb:2   | Gained mutation: You do not regenerate when monsters are
                  | visible. [potion of mutation]
 68722 | Tomb:2   | Lost mutation: You sometimes lose your temper in combat.
                  | [potion of mutation]
 68723 | Tomb:2   | Lost mutation: You do not regenerate when monsters are
                  | visible. [potion of mutation]
 68723 | Tomb:2   | Lost mutation: You are dopey. (Int -2) [potion of mutation]
 68723 | Tomb:2   | Gained mutation: You sometimes lose your temper in combat.
                  | [potion of mutation]
 68723 | Tomb:2   | Gained mutation: You have a pair of small antennae on your
                  | head. [potion of mutation]
 68724 | Tomb:2   | Lost mutation: You have a pair of small antennae on your
                  | head. [potion of mutation]
 68724 | Tomb:2   | Lost mutation: You sometimes lose your temper in combat.
                  | [potion of mutation]
 68724 | Tomb:2   | Gained mutation: You are frail. (-10% HP) [potion of
                  | mutation]
 68724 | Tomb:2   | Gained mutation: You are clumsy. (Dex -2) [potion of
                  | mutation]
 68725 | Tomb:2   | Lost mutation: You are frail. (-10% HP) [potion of
                  | mutation]
 68725 | Tomb:2   | Lost mutation: You are clumsy. (Dex -2) [potion of
                  | mutation]
 68725 | Tomb:2   | Gained mutation: One of your tentacles bears a spike.
                  | [potion of mutation]
 68725 | Tomb:2   | Gained mutation: You have an increased reservoir of magic.
                  | (+10% MP) [potion of mutation]
 68821 | Tomb:1   | Noticed a royal mummy
 68821 | Tomb:1   | Noticed a royal mummy
 68821 | Tomb:1   | Noticed a royal mummy
 68821 | Tomb:1   | Noticed a royal mummy
 68825 | Tomb:1   | Noticed a royal mummy
 68829 | Tomb:1   | Killed a royal mummy
 68833 | Tomb:1   | Noticed a royal mummy
 68836 | Tomb:1   | Killed a royal mummy
 68842 | Tomb:1   | Noticed a royal mummy
 69315 | Tomb:1   | Killed a royal mummy
 69320 | Tomb:1   | Killed a royal mummy
 69906 | Tomb:1   | Noticed a royal mummy
 69909 | Tomb:1   | Killed a royal mummy
 69914 | Tomb:1   | Killed a royal mummy
 69914 | Tomb:1   | Noticed a royal mummy
 69925 | Tomb:1   | Killed a royal mummy
 69959 | Tomb:1   | Noticed a royal mummy
 69965 | Tomb:1   | Killed a royal mummy
 70022 | Tomb:1   | Noticed a royal mummy
 70024 | Tomb:1   | Noticed a royal mummy
 70027 | Tomb:1   | Killed a royal mummy
 70044 | Tomb:1   | Killed Boris
 70049 | Tomb:1   | Killed a royal mummy
 70748 | Tomb:1   | Killed a royal mummy
 70750 | Tomb:1   | Killed a royal mummy
 70957 | Tomb:1   | Killed a royal mummy
 71113 | Tomb:3   | Entered Level 3 of the Tomb of the Ancients
 71127 | Tomb:3   | Reached skill level 27 in Fighting
 71147 | Tomb:3   | Noticed a royal mummy
 71148 | Tomb:3   | Noticed a royal mummy
 71150 | Tomb:3   | Noticed a royal mummy
 71154 | Tomb:3   | Killed a royal mummy
 71155 | Tomb:3   | Noticed a royal mummy
 71158 | Tomb:3   | Killed a royal mummy
 71164 | Tomb:3   | Noticed a royal mummy
 71169 | Tomb:3   | Noticed a royal mummy
 71169 | Tomb:3   | Noticed a royal mummy
 71171 | Tomb:3   | Killed a royal mummy
 71171 | Tomb:3   | Noticed a royal mummy
 71172 | Tomb:3   | Killed a royal mummy
 71177 | Tomb:3   | Killed a royal mummy
 71177 | Tomb:3   | Noticed a royal mummy
 71178 | Tomb:3   | Killed a royal mummy
 71182 | Tomb:3   | Killed a royal mummy
 71204 | Tomb:3   | Found the +3 warlock's mirror {omnireflect}
 71453 | Tomb:3   | Identified the +9 hand axe of Chaos {distort, rElec rF+}
 71486 | Tomb:3   | Acquired 741 gold pieces
 71504 | Tomb:3   | Got a golden rune of Zot
 71817 | Tomb:3   | Identified the ring "Jalirr" {rF+ rN+ Will+}
 71838 | Tomb:3   | Identified the ring "Cusom" {rC+ Dex+3}
 71860 | Tomb:3   | Got Zouske's Disquisition on Convocation
 71924 | Tomb:3   | Lost mutation: You have an increased reservoir of magic.
                  | (+10% MP) [potion of mutation]
 71924 | Tomb:3   | Lost mutation: One of your tentacles bears a spike. [potion
                  | of mutation]
 71924 | Tomb:3   | Gained mutation: You are vulnerable to cold. (rC-) [potion
                  | of mutation]
 71924 | Tomb:3   | Gained mutation: You are agile. (Dex +4, Str/Int -1)
                  | [potion of mutation]
 71925 | Tomb:3   | Lost mutation: You are agile. (Dex +4, Str/Int -1) [potion
                  | of mutation]
 71925 | Tomb:3   | Lost mutation: You are vulnerable to cold. (rC-) [potion of
                  | mutation]
 71925 | Tomb:3   | Gained mutation: You are strong-willed. (Will+) [potion of
                  | mutation]
 71925 | Tomb:3   | Gained mutation: You are frail. (-10% HP) [potion of
                  | mutation]
 71925 | Tomb:3   | Gained mutation: You have a pair of small antennae on your
                  | head. [potion of mutation]
 71926 | Tomb:3   | Lost mutation: You have a pair of small antennae on your
                  | head. [potion of mutation]
 71926 | Tomb:3   | Lost mutation: You are frail. (-10% HP) [potion of
                  | mutation]
 71926 | Tomb:3   | Gained mutation: You expend magic power (3 MP) to
                  | strengthen your wands. [potion of mutation]
 71926 | Tomb:3   | Gained mutation: You passively dampen the noise of your
                  | surroundings. [potion of mutation]
 72691 | Depths:4 | Entered Level 4 of the Depths
 72899 | Depths:4 | Found a gate to the Realm of Zot.
 73130 | Depths:4 | Identified the +6 shortbow "Licrag" {elec, Drain Str+7}
 73512 | Zot:1    | Entered Level 1 of the Realm of Zot
 73739 | Zot:1    | Found Mohoc's Changing Room.
 73762 | Zot:1    | Bought a potion of mutation for 168 gold pieces
 74030 | Zot:1    | Noticed an orb of fire
 74033 | Zot:1    | Gained mutation: You are weak. (Str -2) [an orb of fire]
 74037 | Zot:1    | Killed an orb of fire
 74126 | Zot:1    | Identified the +9 morningstar of Duveoq Dekom {heavy, rF+
                  | rC+ rN+ Dex-3}
 75245 | Zot:5    | Entered Level 5 of the Realm of Zot
 75838 | Zot:5    | Noticed an ancient lich
 75848 | Zot:5    | Noticed an ancient lich
 76103 | Zot:5    | Noticed a dread lich
 76107 | Zot:5    | Killed a dread lich
 76119 | Zot:5    | Noticed an orb of fire
 76122 | Zot:5    | Gained mutation: Your spells are a little easier to cast,
                  | but a little less powerful. [an orb of fire]
 76123 | Zot:5    | Killed an orb of fire
 76271 | Zot:5    | Killed an ancient lich
 76283 | Zot:5    | Noticed a dread lich
 76292 | Zot:5    | Killed a dread lich
 76488 | Zot:5    | Learned a level 3 spell: Frozen Ramparts
 76512 | Zot:5    | Noticed an orb of fire
 76520 | Zot:5    | Killed an orb of fire
 76521 | Zot:5    | Killed an ancient lich
 76523 | Zot:5    | Noticed a dread lich
 76524 | Zot:5    | Killed a dread lich
 77216 | Zot:5    | Noticed an ancient lich
 77222 | Zot:5    | Killed an ancient lich
 77470 | Zot:5    | Identified the +7 mace "Teahad" {spect, rC++ Int+3}
 77838 | Zot:5    | Learned a level 6 spell: Dispersal
 77840 | Zot:5    | Got the Orb of Zot
 77988 | Zot:2    | Noticed Sirib the pandemonium lord
 77996 | Zot:2    | Gained mutation: You are dopey. (Int -2) [a neqoxec]
 78021 | Zot:1    | Noticed Boris
 78025 | Zot:1    | Killed Boris
 78229 | D:13     | Gained mutation: You sometimes lose your temper in combat.
                  | [a cacodemon]
 78271 | D:10     | Noticed Furhar the pandemonium lord
 78274 | D:10     | Killed Furhar the pandemonium lord
 78489 | D:$      | Escaped with the Orb!

Illustrated notes

Levels and vault maps discovered:
D:1:      dpeg_arrival_rooms_c, layout_rooms, basic_ecumenical_altar
D:2:      layout_rooms, uniq_robin, uniq_natasha
D:3:      layout_basic, kennysheep_flooded_box, uniq_pargi, uniq_grinder
D:4:      cheibrodos_barr_body, layout_cave_pools, kennysheep_mini_moat,
          uniq_sigmund
D:5:      layout_gridville, serial_shops, shop, chequers_serial_rivers_small_a
D:6:      layout_rooms, nicolae_shop_sticking_my_neck_out, uniq_eustachio
D:7:      layout_rooms, minmay_temple_entry_mist, serial_shops, shop, uniq_pikel
D:8:      layout_rooms, enter_bailey_3, kennysheep_crisscross,
          minmay_lizard_king
D:9:      layout_big_octagon, serial_shops, shop
D:10:     layout_long_grid, grunt_lair_entry_orc_guard_hut,
          nicolae_trove_entry_columns
D:11:     layout_irregular_city, david_orc_3, serial_shops,
          kennysheep_little_box, nicolae_elevator_lobby_plus, uniq_snorg
D:12:     layout_cave_pools
D:13:     nzn_winding_woodlands_cross [nzn_winding_woodlands_5x15_concentric,
          nzn_winding_woodlands_5x15_pool, nzn_winding_woodlands_5x15_twine,
          nzn_winding_woodlands_5x15_parted,
          nzn_winding_woodlands_15x15_killbox], layout_basic,
          lightli_vaults_fourway_checkpoint, serial_shops, statue_bzr, shop,
          serial_park_tiny_1
D:14:     layout_basic, roderic_nine_men_s_morris, xom_shifter_show,
          uniq_josephine
D:15:     grunt_enter_depths_hoard, layout_loops_corners, roderic_lattice_a,
          uniq_louise
Temple:   regret_index_temple_sigil_plot
Lair:1:   layout_long_grid, ebering_ghost_xom, minmay_lair_oklob_bushes,
          patterned_corridor, uniq_maggie
Lair:2:   layout_regular_city, guppyfry_snake_entry_garden, basic_altar,
          uniq_nergalle
Lair:3:   layout_regular_city, swamp_mist_pool, kennysheep_catoblepas_arena,
          uniq_kirke
Lair:4:   layout_cave_pods
Lair:5:   hangedman_lair_tendril_chambers, layout_cave_pods,
          hangedman_lair_caniforms_friends, minmay_slime_entry_oklob_enclosed,
          st_stairs_12
Swamp:1:  nicolae_swamp_long_stream, layout_basic_swamp,
          evilmike_swamp_ruin_house_3, infiniplex_staircase_pool
Swamp:2:  layout_basic_swamp, evilmike_swamp_ruin_house_5, swamp_pool2,
          nicolae_swamp_frolicking_bunyips, infiniplex_staircase_pool_2
Swamp:3:  layout_basic_swamp, nicolae_swamp_triple_paths, swamp_pool1
Swamp:4:  swamp_alternative, layout_basic_swamp
Snake:1:  layout_rooms, nicolae_shop_overcharged_wands, uniq_frances, uniq_agnes
Snake:2:  layout_misc_corridors
Snake:3:  layout_cave_pods
Snake:4:  grunt_snake_rune_spirals, layout_onion_interference,
          nicolae_snake_ghostly_warrior_ritual
Slime:1:  layout_caves, cheibrodos_slime_lost_civilization_5
Slime:2:  layout_caves
Slime:3:  layout_caves, uniq_dissolution
Slime:4:  layout_caves
Slime:5
Orc:1:    layout_caves, serial_shops, shop, nicolae_shop_real_fake_doors, shop,
          nicolae_shop_self_help
Orc:2:    st_orc_mages, layout_diamond_mine, serial_shops, shop,
          gauntlet_entry_generic, portal_ice_cave_demonic_guard, uniq_maurice
Elf:1:    layout_geoelf_diagonals, hangedman_elf_disciples,
          serial_sigils_hangedman_writhe, uniq_donald
Elf:2:    elven_hall_of_blades_hangedman_original
          [nicolae_vaults_blade_armed_guards], layout_rooms, serial_shops,
          bzr_entry_road
Elf:3:    grunt_elf_hall_branching, layout_loops_cross, serial_shops,
          shop_statue
Vaults:1: hangedman_vaults_corner_blocks, hangedman_vaults_restitches,
          nicolae_vaults_shelves_hall, nicolae_vaults_house_1, v_misc_11,
          v_pattern_3, grunt_vaults_bifocal, hangedman_vaults_stitches,
          ontoclasm_vaults_pinch, nicolae_vaults_bisected_exclaves,
          vaults_room_corners, nicolae_vaults_little_squares_5,
          nicolae_vaults_shock_wave, layout_vaults_ring
Vaults:2: minmay_crypt_entry_simple_statues, st_star, v_rooms_3, v_misc_12,
          nicolae_vaults_trapezoid_4, nicolae_vaults_trapezoid_1,
          nicolae_vaults_little_squares_4, nicolae_vaults_apartment_1,
          v_misc_17, nicolae_vaults_wrenched, nicolae_vaults_weapon_check,
          ontoclasm_vaults_bender, vaults_mumra_hex, nicolae_vaults_asterisk,
          nicolae_vaults_asterisk, layout_vaults_maze_bifur, uniq_boris,
          uniq_aizul
Vaults:3: nicolae_vaults_security_offices_5, vaults_room_boxed,
          nicolae_vaults_border_crossing, v_misc_30,
          nicolae_vaults_little_squares_6, nicolae_vaults_apartment_2,
          nicolae_vaults_octothorpe, hangedman_vaults_cutoff,
          nicolae_vaults_tetromino_Z_2, vaults_standard_mumra_x,
          vaults_room_fours, layout_vaults_omnicross, uniq_mara, uniq_asterion,
          uniq_zenata
Vaults:4: nzn_ghost_randoct, vaults_room_fours, v_misc_30, v_misc_32, v_misc_26,
          ontoclasm_vaults_twist, ontoclasm_vaults_fault, vaults_dpeg_hooks,
          grunt_vaults_hallway_short, v_misc_17, layout_vaults_omnigrid
Vaults:5: serial_shops
Crypt:1:  layout_misc_corridors, minmay_misc_feat_pillars, uniq_xtahua
Crypt:2:  layout_gridlike
Crypt:3:  david_glass_crypt, layout_misc_corridors, tomb_entry_shell_bobbens,
          gammafunk_ghost_necromancy, uniq_margery
Tomb:1
Tomb:2
Tomb:3
Depths:1: layout_cave_shapes, enter_ziggurat_d, hell_entry, serial_bayou_pond_e,
          pan_entry, abyss_entry_small_statue_room, nicolae_figureground_sparkle
Depths:2: minmay_heptahexagon, layout_cave_shapes, grunt_metal_band,
          skrybe_limestone_x, grunt_pan_entry_spiral, abyss_entry,
          kennysheep_diamond
Depths:3: thingy_vault_2, layout_small_grid, minmay_misc_feat_more_columns,
          hellmouth_3, rand_demon_pan_entry_9, abyss_entry,
          nicolae_vehumet_altar_sigil, infiniplex_staircase_trident
Depths:4: evilmike_zot_entry_argh, layout_basic, hell_entry,
          amcnicky_mini_pool_small
Hell
Dis:1:    layout_gridville
Dis:2:    layout_regular_city, nicolae_dis_spooky_hallway
Dis:3:    layout_overlapping_boxes
Dis:4:    layout_subdivisions, nicolae_hells_seeping_fissure
Dis:5:    layout_subdivisions
Dis:6:    layout_subdivisions
Dis:7:    dis_grunt_layers
Geh:1:    layout_gehenna_lava_caves
Geh:2:    layout_gehenna_pools_basic, nicolae_geh_single_fiery_grave,
          nicolae_geh_backdraft
Geh:3:    layout_gehenna_lava_caves
Geh:4:    layout_gehenna_pools_box
Geh:5:    layout_gehenna_lava_caves
Geh:6:    layout_gehenna_lava_caves
Geh:7:    geh_grunt
Coc:1:    layout_cocytus_water_paths
Coc:2:    layout_ice_bergs
Coc:3:    layout_ice_bergs
Coc:4:    layout_ice_bergs, nicolae_hells_hurtin_island
Coc:5:    layout_ice_bergs
Coc:6:    layout_ice_bergs
Coc:7:    coc_dpeg
Tar:1:    layout_honeycomb
Tar:2:    nicolae_hells_demon_pit, layout_cathedral_of_symmetry
Tar:3:    layout_honeycomb
Tar:4:    layout_honeycomb
Tar:5:    layout_honeycomb
Tar:6:    layout_honeycomb
Tar:7:    tar_old
Zot:1:    layout_gridlike, nicolae_transmutations_shop, zot_minivault_8,
          uniq_josephina
Zot:2:    layout_misc_corridors, drop_trap
Zot:3:    kennysheep_ambush_hall, layout_concentric_octagons
Zot:4:    layout_cellular_growth, hangedman_zot_wheel_spokes
Zot:5:    layout_misc_corridors

Skill      XL: |  1  2  3  4  5  6  7  8  9 10 11 12 13 14 15 16 17 18 19 20 21 22 23 24 25 26 27 |
---------------+----------------------------------------------------------------------------------+-----
Fighting       | 2 4 5 7 8 9 11 12 14 16 17 18 27 | 27.0
Unarmed Combat | 4 6 8 11 13 15 18 19 21 22 24 26 27 | 27.0
Stealth        | 2 5 9 12 18 20 22 24 26 | 26.2
Ice Magic      | 2 4 5 8 |  8.7
Transmutations | 3 4 7 8 10 11 12 13 14 16 24 | 24.7
Spellcasting   | 4 6 10 18 | 18.5
Earth Magic    | 3 |  3.9
Air Magic      | 2 7 11 12 13 14 23 | 23.4
Dodging        | 5 6 20 | 20.7
Translocations | 8 13 | 13.7
Necromancy     | 7 |  7.6

Action                     |  1- 3 |  4- 6 |  7- 9 | 10-12 | 13-15 | 16-18 | 19-21 | 22-24 | 25-27 || total
---------------------------+-------+-------+-------+-------+-------+-------+-------+-------+-------++-------
  Melee: Unarmed           |    11 |     7 |    99 |   466 |   945 |   271 |   833 |   783 |  3108 ||  6523
         Rapier            |    28 |   136 |   111 |       |       |       |       |       |       ||   275
         Constrict         |     8 |    28 |    26 |     1 |     1 |       |     3 |     3 |    10 ||    80
         Tentacles         |     7 |    19 |    21 |     3 |     2 |     1 |     9 |     7 |    20 ||    89
         Kick              |     6 |    13 |    27 |       |       |       |       |       |    14 ||    60
         Punch             |     1 |     3 |     4 |       |     2 |     8 |   165 |   141 |   444 ||   768
         Staff             |       |       |       |     5 |     9 |     5 |    19 |    14 |    25 ||    77
   Cast: Beastly Appendage |    14 |    13 |    14 |       |       |       |       |       |       ||    41
         Wereblood         |       |     5 |    10 |    18 |    28 |     9 |    26 |    22 |    69 ||   187
         Ice Form          |       |       |    16 |    38 |    70 |    16 |     1 |       |       ||   141
         Storm Form        |       |       |       |       |       |     8 |    64 |    61 |   226 ||   359
         Vhi's Electric Ch |       |       |       |       |       |       |     5 |     1 |    34 ||    40
         Manifold Assault  |       |       |       |       |       |       |     2 |     8 |   571 ||   581
         Blink             |       |       |       |       |       |       |     1 |       |     1 ||     2
         Freezing Cloud    |       |       |       |       |       |       |       |       |     6 ||     6
         Necromutation     |       |       |       |       |       |       |       |       |     4 ||     4
         Conjure Ball Ligh |       |       |       |       |       |       |       |       |     1 ||     1
 Invoke: Call Merchant     |       |       |       |       |     1 |       |       |       |    10 ||    11
         Potion Petition   |       |       |       |       |       |       |       |       |     6 ||     6
         Bribe Branch      |       |       |       |       |       |       |       |       |     2 ||     2
Ability: End Transformatio |       |       |       |       |       |     2 |     2 |     1 |     1 ||     6
         Blinkbolt         |       |       |       |       |       |       |     2 |     9 |     6 ||    17
  Evoke: Wand              |       |     2 |       |     3 |     7 |       |       |     2 |     7 ||    21
    Use: Potion            |       |     6 |     5 |     5 |     2 |     2 |     1 |     3 |    43 ||    67
         Scroll            |       |     2 |    14 |     7 |     4 |     4 |     7 |     3 |    35 ||    76
   Stab: Sleeping          |     2 |     3 |     9 |     6 |    34 |     6 |    11 |    30 |    93 ||   194
         Distracted        |       |       |       |     2 |    11 |     3 |    14 |    18 |    72 ||   120
         Invisible         |       |       |       |       |       |       |       |       |     4 ||     4
 Armour: Skin              |     8 |   135 |    87 |   226 |   543 |   140 |   232 |   177 |   290 ||  1838
  Dodge: Dodged            |    31 |   109 |   100 |   261 |   453 |   163 |   544 |   480 |  1727 ||  3868
  Block: Buckler           |       |       |       |       |       |       |     7 |     3 |     9 ||    19
